[Event "Live Chess"]
[Site "Chess.com"]
[Date "2021.09.10"]
[Round "3"]
[White "MMSANCHEZ"]
[Black "GGuseinov"]
[Result "0-1"]
[CurrentPosition "6k1/1p2ppb1/p1p3p1/4PnBP/2PrQPp1/8/Pq2N1K1/4R3 w - -"]
[Timezone "UTC"]
[ECO "E73"]
[ECOUrl "https://www.chess.com/openings/Kings-Indian-Defense-Standard-Development-5...O-O"]
[UTCDate "2021.09.10"]
[UTCTime "01:30:11"]
[WhiteElo "2264"]
[BlackElo "2563"]
[TimeControl "2100+5"]
[Termination "GGuseinov won by resignation"]
[StartTime "01:30:11"]
[EndDate "2021.09.10"]
[EndTime "02:08:42"]
[Link "https://www.chess.com/game/live/24976281217"]

1. d4 Nf6 2. c4 g6 3. Nc3 Bg7 4. e4 d6 5. Be2 O-O 6. h4 h5 7. Nf3 c6 8. Bg5 Na6 9. O-O Nh7 10. Bf4 Bg4 11. e5 Nc7 12. Ng5 Nxg5 13. Bxg5 Bxe2 14. Qxe2 Ne6 15. Rad1 dxe5 16. dxe5 Qc7 17. Rfe1 Rad8 18. Qe3 Rxd1 19. Nxd1 Rd8 20. Nc3 a6 21. f4 Nd4 22. Qe4 Nf5 23. g4 hxg4 24. h5 Qb6+ 25. Kg2 Qxb2+ 26. Ne2 Rd4 0-1

[Event "Live Chess"]
[Site "Chess.com"]
[Date "2021.09.10"]
[Round "3"]
[White "Swarnapuri"]
[Black "SelfishShellfish"]
[Result "1-0"]
[CurrentPosition "3rR3/1p1P3k/1P3r2/3R2p1/6p1/P7/5P2/6K1 b - -"]
[Timezone "UTC"]
[ECO "A07"]
[ECOUrl "https://www.chess.com/openings/Kings-Indian-Attack-Yugoslav-Variation...4.O-O-Bf5-5.d3-e6"]
[UTCDate "2021.09.10"]
[UTCTime "01:30:17"]
[WhiteElo "2475"]
[BlackElo "2314"]
[TimeControl "2100+5"]
[Termination "Swarnapuri won by resignation"]
[StartTime "01:30:17"]
[EndDate "2021.09.10"]
[EndTime "02:48:47"]
[Link "https://www.chess.com/game/live/24976281927"]

1. Nf3 d5 2. g3 Nf6 3. Bg2 c6 4. O-O Bf5 5. d3 e6 6. b3 Be7 7. Bb2 h6 8. Nbd2 O-O 9. Qe1 Bh7 10. e4 a5 11. a3 Na6 12. Ne5 Nd7 13. Nxd7 Qxd7 14. Qe2 Qd8 15. d4 a4 16. c4 dxe4 17. bxa4 f5 18. Nb3 Bf6 19. Rfd1 Nc7 20. a5 Qe7 21. Bc3 Rfe8 22. Nc5 Na6 23. Na4 Rad8 24. Qb2 Bg6 25. Rab1 Bh5 26. Re1 Rb8 27. Nb6 Red8 28. Bf1 g6 29. d5 Bxc3 30. Qxc3 Nc5 31. Rbc1 e5 32. Rc2 Kh7 33. Rd2 Qd6 34. Bg2 Nd3 35. Re3 cxd5 36. cxd5 Nc5 37. Nc4 Qf6 38. d6 Nd7 39. Qb4 g5 40. Re1 Bg6 41. h3 h5 42. g4 hxg4 43. hxg4 fxg4 44. Bxe4 Bxe4 45. Rxe4 Qf3 46. Re3 Qf4 47. Nb6 Qf5 48. Rd5 Nxb6 49. axb6 Re8 50. d7 Rf8 51. Qe4 Qxe4 52. Rxe4 Rbd8 53. Rexe5 Rf6 54. Re8 1-0

[Event "Live Chess"]
[Site "Chess.com"]
[Date "2021.09.10"]
[Round "3"]
[White "austinjin666XD"]
[Black "sdandek"]
[Result "1/2-1/2"]
[CurrentPosition "5k2/pp3pb1/4p1p1/q2nP3/2BP4/P5Q1/5P2/3R1K2 b - -"]
[Timezone "UTC"]
[ECO "B06"]
[ECOUrl "https://www.chess.com/openings/Modern-Defense-with-1-e4-2.d4-Bg7-3.Nf3"]
[UTCDate "2021.09.10"]
[UTCTime "01:30:17"]
[WhiteElo "1318"]
[BlackElo "2034"]
[TimeControl "2100+5"]
[Termination "Game drawn by repetition"]
[StartTime "01:30:17"]
[EndDate "2021.09.10"]
[EndTime "02:45:01"]
[Link "https://www.chess.com/game/live/24976282495"]

1. e4 g6 2. d4 Bg7 3. Nf3 c6 4. c4 d5 5. e5 Bg4 6. Nc3 e6 7. h3 Bxf3 8. Qxf3 dxc4 9. Be3 Ne7 10. Bxc4 O-O 11. g4 Nd5 12. g5 Nxc3 13. bxc3 Nd7 14. h4 Qe7 15. a3 Rfc8 16. h5 Rab8 17. hxg6 hxg6 18. Qh3 c5 19. Bd3 cxd4 20. Qh7+ Kf8 21. cxd4 Rc3 22. Bb5 Rbc8 23. Bd2 Nb6 24. Bxc3 Rxc3 25. Rh3 Rxh3 26. Qxh3 Qxg5 27. Qg3 Qd8 28. Rd1 Nd5 29. Bc4 Qa5+ 30. Kf1 Nb6 31. Be2 Nd5 32. Bc4 Nb6 33. Be2 Nd5 34. Bc4 1/2-1/2

[Event "Live Chess"]
[Site "Chess.com"]
[Date "2021.09.10"]
[Round "3"]
[White "jgray43"]
[Black "chessappeals"]
[Result "0-1"]
[CurrentPosition "2k5/1pp5/p7/3p2p1/5p2/P1P5/1PP2q1r/1K1R4 w - -"]
[Timezone "UTC"]
[ECO "C42"]
[ECOUrl "https://www.chess.com/openings/Petrovs-Defense-Three-Knights-Game"]
[UTCDate "2021.09.10"]
[UTCTime "01:30:17"]
[WhiteElo "1442"]
[BlackElo "1750"]
[TimeControl "2100+5"]
[Termination "chessappeals won by resignation"]
[StartTime "01:30:17"]
[EndDate "2021.09.10"]
[EndTime "02:22:30"]
[Link "https://www.chess.com/game/live/24976282885"]

1. e4 e5 2. Nf3 Nf6 3. Nc3 Bb4 4. a3 Bxc3 5. dxc3 d6 6. Bg5 h6 7. Bh4 Bg4 8. h3 Bh5 9. Bc4 g5 10. Bg3 Nxe4 11. Bh2 Qf6 12. Qd3 Nc5 13. Qe3 Bxf3 14. gxf3 Nc6 15. O-O-O Ne6 16. Bb5 a6 17. Ba4 Nf4 18. Qe4 d5 19. Qe3 O-O-O 20. Bxc6 Qxc6 21. Qxe5 Rhe8 22. Qf5+ Qe6 23. Qg4 f5 24. Qg1 Ne2+ 25. Kb1 Nxg1 26. Rhxg1 f4 27. h4 Qh3 28. Rh1 Qxf3 29. hxg5 hxg5 30. Rhe1 Rxe1 31. Rxe1 Qxf2 32. Rh1 Rh8 33. Rd1 Rxh2 0-1

[Event "Live Chess"]
[Site "Chess.com"]
[Date "2021.09.10"]
[Round "3"]
[White "2Nf31-0"]
[Black "hip_hop_99"]
[Result "1/2-1/2"]
[CurrentPosition "R7/2r5/4kp2/4p3/4P3/1K1P4/8/8 b - -"]
[Timezone "UTC"]
[ECO "C53"]
[ECOUrl "https://www.chess.com/openings/Giuoco-Piano-Game-Main-Line-Giuoco-Pianissimo-Variation"]
[UTCDate "2021.09.10"]
[UTCTime "01:30:13"]
[WhiteElo "1390"]
[BlackElo "1658"]
[TimeControl "2100+5"]
[Termination "Game drawn by agreement"]
[StartTime "01:30:13"]
[EndDate "2021.09.10"]
[EndTime "02:25:06"]
[Link "https://www.chess.com/game/live/24976283359"]

1. e4 e5 2. Nf3 Nc6 3. Bc4 Bc5 4. c3 Nf6 5. d3 d6 6. h3 h6 7. a4 a6 8. Nbd2 Be6 9. O-O O-O 10. Re1 Bxc4 11. Nxc4 b5 12. Ne3 Qd7 13. Nf5 Ne7 14. N3h4 Kh7 15. b4 Bb6 16. a5 Ba7 17. Qf3 Ng6 18. Nxh6 Nxh4 19. Qg3 Nxg2 20. Nf5 g6 21. Kxg2 Nh5 22. Qh4 Rg8 23. Kh2 Qd8 24. Qxd8 Rgxd8 25. Ne3 Nf4 26. Rd1 Kg7 27. Ng2 Ne2 28. Be3 Nxc3 29. Rdc1 Bd4 30. Ra3 Bxe3 31. Nxe3 Ne2 32. Rxc7 Nf4 33. Kg3 Rh8 34. h4 Rh5 35. Ng2 Nxg2 36. Kxg2 Rxh4 37. Rd7 Rah8 38. Rxd6 Rh2+ 39. Kf3 R8h3+ 40. Ke2 Rg2 41. Kf1 Rhh2 42. Ra2 g5 43. Rxa6 g4 44. Rc6 g3 45. Rcc2 gxf2 46. Rxf2 Rxf2+ 47. Rxf2 Rh1+ 48. Ke2 Ra1 49. Rf5 f6 50. Rh5 Ra4 51. Kd2 Rxb4 52. Kc3 Ra4 53. Rh2 Rxa5 54. Kb4 Ra1 55. Kxb5 Rd1 56. Kc4 Kf7 57. Rh7+ Ke6 58. Rh8 Rc1+ 59. Kb3 Rc7 60. Ra8 1/2-1/2

[Event "Live Chess"]
[Site "Chess.com"]
[Date "2021.09.10"]
[Round "3"]
[White "Thechesskid2021"]
[Black "aaroncraig602"]
[Result "1-0"]
[CurrentPosition "3B4/3b2k1/2r1p2p/3p4/NQ3P2/KPP3R1/2q5/8 b - -"]
[Timezone "UTC"]
[ECO "B41"]
[ECOUrl "https://www.chess.com/openings/Sicilian-Defense-Kan-Variation"]
[UTCDate "2021.09.10"]
[UTCTime "01:30:20"]
[WhiteElo "1649"]
[BlackElo "1451"]
[TimeControl "2100+5"]
[Termination "Thechesskid2021 won by resignation"]
[StartTime "01:30:20"]
[EndDate "2021.09.10"]
[EndTime "02:41:25"]
[Link "https://www.chess.com/game/live/24976283879"]

1. e4 c5 2. Nf3 e6 3. d4 cxd4 4. Nxd4 a6 5. a3 Qc7 6. Nc3 Nf6 7. Be3 Be7 8. Be2 O-O 9. Qd2 b5 10. g4 Bb7 11. f3 d6 12. h4 Nc6 13. g5 Nd7 14. h5 Nxd4 15. Bxd4 Ne5 16. f4 Nc4 17. Bxc4 Qxc4 18. O-O-O a5 19. b3 Qc6 20. g6 h6 21. gxf7+ Rxf7 22. Rhf1 b4 23. Na4 Qxe4 24. Rde1 Qf5 25. axb4 axb4 26. Qxb4 Rc8 27. c3 Ba6 28. Rf3 d5 29. Bc5 Bh4 30. Ree3 Rb7 31. Nb6 Rcc7 32. Qa5 Ra7 33. Na4 Bc8 34. Bxa7 Bd8 35. Bb6 Rc6 36. Bxd8 Qxh5 37. Qb4 Qh1+ 38. Kb2 Qg2+ 39. Ka3 Bd7 40. Rg3 Qc2 41. Rxg7+ Kxg7 42. Rg3+ 1-0

[Event "Live Chess"]
[Site "Chess.com"]
[Date "2021.09.10"]
[Round "3"]
[White "zandor2323"]
[Black "fiddleleaf"]
[Result "0-1"]
[CurrentPosition "8/5kpp/5p2/8/4qK2/p1n3RP/r5P1/3q4 w - -"]
[Timezone "UTC"]
[ECO "B10"]
[ECOUrl "https://www.chess.com/openings/Caro-Kann-Defense-2.Nc3-d5"]
[UTCDate "2021.09.10"]
[UTCTime "01:30:28"]
[WhiteElo "1290"]
[BlackElo "1574"]
[TimeControl "2100+5"]
[Termination "fiddleleaf won by checkmate"]
[StartTime "01:30:28"]
[EndDate "2021.09.10"]
[EndTime "02:27:13"]
[Link "https://www.chess.com/game/live/24976284351"]

1. e4 c6 2. Nc3 d5 3. e5 Bf5 4. d4 e6 5. Nf3 c5 6. dxc5 Bxc5 7. Be3 Bxe3 8. fxe3 Qb6 9. Bb5+ Nc6 10. Bxc6+ bxc6 11. Qc1 Ne7 12. O-O Ng6 13. Ne2 O-O 14. h3 Be4 15. Ng3 Bxf3 16. Rxf3 Nxe5 17. Rf4 Nc4 18. Nf1 Qxb2 19. Qxb2 Nxb2 20. Nd2 Rab8 21. Rb1 e5 22. Rf2 a5 23. Nb3 Nc4 24. Re1 Rfe8 25. c3 Rb5 26. e4 a4 27. Nc1 Rb1 28. Ref1 f6 29. exd5 cxd5 30. Rd1 Rd8 31. Kh2 Nb2 32. Rdd2 Nc4 33. Rc2 Ne3 34. Rb2 Rxc1 35. Rb7 Rxc3 36. Rfb2 d4 37. Rb8 Rxb8 38. Rxb8+ Kf7 39. Rb7+ Kg6 40. Rb4 Ra3 41. Rb2 Nd1 42. Rd2 Nc3 43. Rb2 Rxa2 44. Rb4 a3 45. Rb3 e4 46. Kg1 e3 47. Rb4 e2 48. Kf2 d3 49. Rd4 d2 50. Rg4+ Kf7 51. Rg3 e1=Q+ 52. Kf3 d1=Q+ 53. Kf4 Qe4# 0-1

[Event "Live Chess"]
[Site "Chess.com"]
[Date "2021.09.10"]
[Round "3"]
[White "CoachJoeF"]
[Black "vincitore51745"]
[Result "1-0"]
[CurrentPosition "1R3bk1/3b3p/p2Qp1p1/q1pp1p2/3P4/2P2N2/P5PP/6K1 b - -"]
[Timezone "UTC"]
[ECO "B23"]
[ECOUrl "https://www.chess.com/openings/Sicilian-Defense-Grand-Prix-Attack-3...e6"]
[UTCDate "2021.09.10"]
[UTCTime "01:31:47"]
[WhiteElo "1494"]
[BlackElo "524"]
[TimeControl "2100+5"]
[Termination "CoachJoeF won by resignation"]
[StartTime "01:31:47"]
[EndDate "2021.09.10"]
[EndTime "02:01:13"]
[Link "https://www.chess.com/game/live/24976295913"]

1. e4 c5 2. Nc3 e6 3. f4 Nc6 4. Nf3 Nf6 5. Bb5 a6 6. Bxc6 bxc6 7. e5 Nd5 8. d3 Nxc3 9. bxc3 d6 10. d4 cxd4 11. cxd4 d5 12. O-O Be7 13. Qe1 O-O 14. Qg3 Rb8 15. f5 exf5 16. Bh6 g6 17. Bxf8 Bxf8 18. c3 c5 19. Rab1 Rxb1 20. Rxb1 Qa5 21. Rb8 Bd7 22. e6 fxe6 23. Qd6 1-0

[Event "Live Chess"]
[Site "Chess.com"]
[Date "2021.09.10"]
[Round "3"]
[White "chuckchess"]
[Black "victor6688"]
[Result "1/2-1/2"]
[CurrentPosition "8/8/8/4b3/6k1/7p/8/6K1 b - -"]
[Timezone "UTC"]
[ECO "D86"]
[ECOUrl "https://www.chess.com/openings/Grunfeld-Defense-Exchange-Classical-Variation-7...c5"]
[UTCDate "2021.09.10"]
[UTCTime "01:37:37"]
[WhiteElo "1426"]
[BlackElo "1161"]
[TimeControl "2100+5"]
[Termination "Game drawn by agreement"]
[StartTime "01:37:37"]
[EndDate "2021.09.10"]
[EndTime "02:56:24"]
[Link "https://www.chess.com/game/live/24976859799"]

1. d4 Nf6 2. c4 g6 3. Nc3 d5 4. cxd5 Nxd5 5. e4 Nxc3 6. bxc3 Bg7 7. Bc4 c5 8. Ne2 Qa5 9. Bd2 Bd7 10. O-O O-O 11. e5 Qc7 12. Bf4 cxd4 13. Bxf7+ Kh8 14. cxd4 e6 15. Bxe6 Bxe6 16. d5 Rd8 17. d6 Qc5 18. Rc1 Qb5 19. Nd4 Qd5 20. Nxe6 Qxe6 21. Re1 Nc6 22. Qb3 Nd4 23. Qxb7 Qxa2 24. Qe4 Nf5 25. Rc2 Qf7 26. Rc7 Qe8 27. g4 Nh4 28. e6 g5 29. Bg3 Ng6 30. e7 Rdb8 31. d7 Qxe7 32. Qxe7 Nxe7 33. Rxe7 a5 34. Rc8+ Rxc8 35. dxc8=Q+ Rxc8 36. Ra7 Bc3 37. f4 gxf4 38. Bxf4 Rc4 39. Bg3 a4 40. Ra6 Bd4+ 41. Kg2 Rc2+ 42. Kh3 Ra2 43. Bd6 a3 44. Bxa3 Bc5 45. Ra8+ Kg7 46. Ra4 Rxa3+ 47. Rxa3 Bxa3 48. Kh4 Bd6 49. Kg5 Bxh2 50. Kf5 Kh6 51. Kf6 Bf4 52. Kf5 Bc7 53. Kf6 Bd8+ 54. Kf5 Kg7 55. g5 Kf7 56. Kg4 Kg6 57. Kh3 Bxg5 58. Kg2 h5 59. Kh1 Bf4 60. Kg2 Kg5 61. Kh1 h4 62. Kg2 Kg4 63. Kh1 h3 64. Kg1 Be3+ 65. Kh1 Bf4 66. Kg1 Kg3 67. Kh1 Be5 68. Kg1 Kf3 69. Kh1 Kg4 70. Kg1 1/2-1/2

[Event "Live Chess"]
[Site "Chess.com"]
[Date "2021.09.10"]
[Round "3"]
[White "MrRap9"]
[Black "Raindog2"]
[Result "0-1"]
[CurrentPosition "6k1/p1p5/8/3p1pp1/8/P2q1PK1/1P6/8 w - -"]
[Timezone "UTC"]
[ECO "C47"]
[ECOUrl "https://www.chess.com/openings/Four-Knights-Game-Gunsberg-Variation"]
[UTCDate "2021.09.10"]
[UTCTime "01:30:53"]
[WhiteElo "1055"]
[BlackElo "1339"]
[TimeControl "2100+5"]
[Termination "Raindog2 won by resignation"]
[StartTime "01:30:53"]
[EndDate "2021.09.10"]
[EndTime "02:14:39"]
[Link "https://www.chess.com/game/live/24976287421"]

1. e4 e5 2. Nf3 Nc6 3. Nc3 Nf6 4. a3 Bc5 5. Nxe5 Bd4 6. Nxc6 bxc6 7. Ne2 Bxf2+ 8. Kxf2 Nxe4+ 9. Kg1 d5 10. Qe1 O-O 11. d3 Nd6 12. Qg3 Qf6 13. Qg5 Qe6 14. Qe3 Qd7 15. h3 Re8 16. Qg3 Re6 17. Nf4 Nf5 18. Qg5 Rf6 19. Be2 Qe7 20. Bd2 h6 21. Qg4 Nd4 22. Qg3 Rxf4 23. Bf3 Nxf3+ 24. gxf3 Rf6 25. Kf2 Bf5 26. Rae1 Qd7 27. Re3 Re8 28. Rhe1 Rxe3 29. Rxe3 Bxh3 30. Re8+ Qxe8 31. Qxh3 Re6 32. Qf1 Qe7 33. Bb4 Qh4+ 34. Kg1 Rg6+ 35. Qg2 Rxg2+ 36. Kxg2 f5 37. c3 Qe1 38. c4 Qe2+ 39. Kg3 Qxd3 40. cxd5 cxd5 41. Be7 g5 42. Bxg5 hxg5 0-1

[Event "Live Chess"]
[Site "Chess.com"]
[Date "2021.09.10"]
[Round "3"]
[White "Bruce_Hedman"]
[Black "Greatboomer"]
[Result "0-1"]
[CurrentPosition "r1b2rk1/ppp2NBp/3p1b2/8/4N1q1/4P3/PP2KPPP/n6R w - -"]
[Timezone "UTC"]
[ECO "A80"]
[ECOUrl "https://www.chess.com/openings/Dutch-Defense-2.Bf4-e6"]
[UTCDate "2021.09.10"]
[UTCTime "01:46:53"]
[WhiteElo "1087"]
[BlackElo "889"]
[TimeControl "1800+2"]
[Termination "Greatboomer won by resignation"]
[StartTime "01:46:53"]
[EndDate "2021.09.10"]
[EndTime "02:12:10"]
[Link "https://www.chess.com/game/live/24977451641"]

1. d4 f5 2. Bf4 e6 3. e3 Nf6 4. Be2 Be7 5. Nf3 O-O 6. Nc3 d6 7. Ng5 Nc6 8. d5 Nb4 9. dxe6 Ng4 10. Nf7 Qe8 11. Bxg4 fxg4 12. Qxg4 Nxc2+ 13. Ke2 Nxa1 14. Bh6 Bf6 15. Ne4 Qxe6 16. Bxg7 Qxg4+ 0-1